cohdb
Replays
Latest Replays
All Replays
Popular Replays
Top Player Replays
Match Explorer
How It Works
Community
CoH3 Stats
Reddit
Sign in to upload your games and track your stats! →
Sign in with Steam
Match 42236005
Unlisted
Match 42236005
Overview
Messages
Build Orders
End
Royal Engineer Section
Construct Section Command Post
Dingo Light Scout Car
Infantry Section
Selects Canadian Shock Battlegroup
Infantry Section
Royal Engineer Section
Selects Attacking Spirit
Selects Canadian Shock Section
Selects Incendiary Munitions
Canadian Shock Section
Construct Platoon Command Post
Grenade Package
NanoLoki
FemtoLoki
rtavarestuga
Nuclear Viking
dj pauly d gtl
Schmutz
0
0
Comments
sign in to comment!
No comments posted yet!